 Dungeon Crawl Stone Soup version 0.17-a0-1295-gefc790a (webtiles) character file.

101885 MUTANTIKUS the Tortoise (level 15, -6/141 HPs)
             Began as a Minotaur Fighter on June 7, 2015.
             Was the Champion of Trog.
             Mangled by a 17-headed hydra (11 damage)
             ... on level 8 of the Lair of Beasts.
             The game lasted 03:02:08 (29893 turns).

MUTANTIKUS the Tortoise (Minotaur Fighter)         Turns: 29893, Time: 03:02:09

Health: -6/141     AC: 23    Str: 33    XL:     15   Next: 84%
Magic:  5/5        EV: 10    Int: -1 (4) God:    Trog [******]
Gold:   1695       SH: 13    Dex: 11    Spells: 0 memorised, 14 levels left

rFire  + + .     SeeInvis .     n - +1 war axe of Forced Transition {chop, rF++ rC++ MP-9}
rCold  + + .     Clarity  .     V - +5 ring mail of Casmakomp {Str+5}
rNeg   . . .     SustAt   .     c - +0 shield
rPois  .         Gourm    .     a - +0 hat
rElec  .         Spirit   .     b - +1 cloak
rCorr  .         Warding  .     s - +0 pair of gloves
rMut   .         Stasis   .     X - +2 pair of boots {Stlth+}
MR     +....                    (no amulet)
Stlth  ++........               J - +1 ring of evasion
                                h - +3 ring of strength

@: slowed, lost intelligence, invisible, very slow, somewhat resistant to
hostile enchantments, unstealthy
A: retaliatory headbutt, horns 2, spit poison 1, weak 1
a: Spit Poison, Burn Spellbooks, Berserk, Trog's Hand, Brothers in Arms,
Renounce Religion


You were on level 8 of the Lair of Beasts.
You worshipped Trog.
Trog was exalted by your worship.
You were not hungry.

You visited 3 branches of the dungeon, and saw 27 of its levels.

You collected 3272 gold pieces.
You spent 1483 gold pieces at shops.

Inventory:

Hand weapons
 n - the +1 war axe of Forced Transition (weapon) {chop, rF++ rC++ MP-9}
   (You found it on level 5 of the Lair of Beasts)

   It inflicts extra damage upon your enemies.
   It greatly protects you from fire.
   It greatly protects you from cold.
   It affects your magic capacity (-9).
 w - a +4 antimagic war axe
 M - a +4 antimagic broad axe
 P - the +6 short sword of Fundamental Breach {freeze, Dex+2, unknown}
   (You found it on level 8 of the Lair of Beasts)

   It has been specially enchanted to freeze those struck by it, causing extra
   injury to most foes and up to half again as much damage against particularly
   susceptible opponents.
   It can also slow down cold-blooded creatures.
   It affects your dexterity (+2).
 R - a +1 broad axe of electrocution
Missiles
 I - 4 tomahawks of returning (quivered)
Armour
 a - a +0 hat (worn)
 b - a +1 cloak (worn)
 c - a +0 shield (worn)
 s - a +0 pair of gloves (worn)
 T - a +2 scale mail of cold resistance
 V - the +5 ring mail of Casmakomp (worn) {Str+5}
   (You bought it in a shop on level 14 of the Dungeon)

   It affects your strength (+5).
 X - a +2 pair of boots of stealth (worn)
Jewellery
 d - an uncursed ring of fire
 h - a +3 ring of strength (left hand)
 q - an uncursed ring of poison resistance
 C - an uncursed ring of protection from fire
 J - a +1 ring of evasion (right hand)
Scrolls
 g - 4 scrolls of enchant weapon
 j - 14 scrolls of identify
 l - 2 scrolls of holy word
 m - 7 scrolls of teleportation
 o - a scroll of fear
 u - 3 scrolls of enchant armour
 y - 4 scrolls of recharging
 B - a scroll of torment
 D - 3 scrolls of magic mapping
 E - 3 scrolls of fog
 G - 10 scrolls of remove curse
 N - 3 scrolls of blinking
 W - 3 scrolls of summoning
Potions
 i - 3 potions of flight
 k - 2 potions of brilliance
 p - 3 potions of heal wounds
 r - 3 potions of curing
 t - a potion of magic
 v - 8 potions of agility
 z - 4 potions of might
 A - 2 potions of cancellation
 F - 2 potions of berserk rage
 K - 3 potions of resistance
 L - a potion of haste
 O - a potion of invisibility
 Q - a potion of experience
Miscellaneous
 e - a legendary deck of wonders {drawn: 5}
Comestibles
 f - 14 fruits
 x - 2 meat rations
 H - 12 royal jellies
 S - 16 chunks of flesh
 U - 8 bread rations


   Skills:
 + Level 15.3 Fighting
 * Level 19.0 Axes
 * Level 19.9 Armour
 - Level 9.8 Shields


You had 14 spell levels left.
You didn't know any spells.

Dungeon Overview and Level Annotations

Branches:
Dungeon (15/15)            Temple (0/1) D:4            Lair (8/8) D:11
  Swamp (0/4) Lair:3        Snake (0/4) Lair:6          Orc (4/4) D:11
    Elf (0/3) Orc:3        Vaults (0/5) D:14         Depths (0/5) D:15
  Slime: Lair:6-8

Altars:
Ashenzari
Cheibriados
Dithmenos
Elyvilon
Fedhas
Gozag
Makhleb
Nemelex Xobeh
Okawaru
Qazlal
Ru
Trog
Vehumet
Xom
Yredelemnul
Beogh
Jiyva

Shops:
D:5 [   D:7 *   D:9 *}   D:11 *   D:14 [   D:15 ?   Orc:4 **:

Annotations:
D:9 exclusion: oklob sapling
D:13 exclusion: ice statue
Lair:8 1 runed door


Innate Abilities, Weirdness & Mutations

You reflexively headbutt those who attack you in melee.
You have a pair of horns on your head.
You can spit weak poison.
You are weak. (Str -2)


Message History

The 17-headed hydra bites you but does no damage. x2
The 17-headed hydra bites you.
* * * LOW HITPOINT WARNING * * *
The 17-headed hydra bites you.
* * * LOW HITPOINT WARNING * * *
The 17-headed hydra bites you but does no damage.
The 17-headed hydra bites you!
* * * LOW HITPOINT WARNING * * *
The hippogriff bites you but does no damage.
The hippogriff misses you. The hippogriff closely misses you.
The 17-headed hydra misses you.
The 17-headed hydra bites you but does no damage.
You block the 17-headed hydra's attack. The 17-headed hydra bites you!
* * * LOW HITPOINT WARNING * * *
The 17-headed hydra completely misses you.
The 17-headed hydra bites you but does no damage. x3
You block the 17-headed hydra's attack.
The 17-headed hydra bites you but does no damage. x2
You block the 17-headed hydra's attack. The 17-headed hydra bites you!
You die...

... ##$[#..#..##.... $..
##..##..##..##... ...
##...#....#...##.. ....
##...##....##...##. .....
##....#......#....##
#....##....##......##....#
#......P...#.PP..PP.#....P
#.......P.##P......P##P.P.
...≈≈≈≈sD@................
...≈≈≈#≈H.................
##############..#.........
### #####........ ##.###
#### #..#P..##.P. #....##
###..#### ###.P..#..PP
#}....# #.......#
#.PP......#. ##†....#
#......## #........##.
#.....## ##)....##
##...#.#####


You could see a 17-headed hydra, a hippogriff and a spider.

Vanquished Creatures
  Gastronok (Lair:1)
  Kirke (Lair:8)
  Maud (Orc:4)
  Snorg (Orc:3)
  A minotaur (Lair:2)
  3 ogre magi (D:15)
  11 hydras
  2 centaur warriors
  A catoblepas (Lair:6)
  A queen ant (Lair:8)
  3 tengu warriors
  2 death yaks (Lair:8)
  Urug (Lair:1)
  Sonja (Lair:1)
  The ghost of Oper80 the Skirmisher, an experienced DsFi of Ru (D:8)
  A fire crab (Lair:8)
  A wizard (D:14)
  4 hill giants
  Pikel (D:5)
  A wolf spider (Lair:8)
  A lindwurm (Lair:8)
  5 orc knights (Orc:4)
  3 deep elf conjurers (D:15)
  2 orc sorcerers
  2 necromancers (D:14)
  7 ugly things
  2 griffons
  4 cyclopes
  A guardian serpent (Lair:8)
  9 black mambas
  2 komodo dragons
  6 torpor snails
  2 gargoyles
  2 kobold demonologists (D:12)
  21 spiny frogs
  A yaktaur (D:15)
  5 trolls
  The ghost of acidapple the Conjurer, an experienced OpVM of Vehumet (D:5)
  3 efreet
  A tengu conjurer (D:14)
  10 two-headed ogres
  A polar bear (D:13)
  A raiju (shapeshifter) (D:13)
  A queen bee (Lair:1)
  A polar bear (shapeshifter) (D:15)
  5 slime creatures (D:12)
  4 giant leeches (Lair:8)
  A freezing wraith (D:13)
  A fire drake (Lair:7)
  8 ravens
  4 shadows
  3 wraiths (Orc:4)
  A water elemental (D:12)
  23 yaks
  3 deep elf magi
  3 wyverns
  A steam dragon (D:14)
  6 basilisks
  2 wandering mushrooms (D:9)
  Grum (D:10)
  8 hippogriffs
  6 hungry ghosts
  5 hogs (Lair:8)
  4 nagas (Lair:6)
  4 vampire mosquitoes (D:13)
  6 wargs (Orc:4)
  20 soldier ants (Lair:8)
  25 water moccasins
  7 wolves
  14 porcupines
  9 ice beasts
  9 spiders
  3 sky beasts
  18 ogres
  A slave (D:5)
  30 orc warriors
  4 phantoms
  12 centaurs
  5 wasps (Lair:8)
  2 black bears
  16 crocodiles
  2 necrophages
  3 big kobolds
  4 brain worms (Lair:8)
  13 giant frogs
  A water moccasin skeleton (D:10)
  16 wights
  10 scorpions
  39 killer bees
  An electric eel (Lair:2)
  A quasit (D:8)
  10 centaur zombies
  3 giant frog zombies
  3 giant frog skeletons
  6 jellies
  5 crimson imps
  4 gnoll shamans (D:4)
  21 orc priests
  Ijyb (D:2)
  5 hounds
  19 orc wizards
  A wasp zombie (D:8)
  3 centaur skeletons
  8 hell rats (Lair:6)
  Terence (D:3)
  7 iguanas
  29 worker ants
  19 sheep
  A hound skeleton (D:8)
  A mummy (D:6)
  Robin (D:2)
  39 gnolls
  92 river rats
  3 white imps (D:13)
  28 adders
  4 shadow imps
  3 oozes
  3 adder skeletons
  22 worms
  4 giant geckos
  196 orcs
  6 ball pythons
  A bat zombie (D:5)
  9 giant cockroaches
  21 goblins
  20 hobgoblins
  28 jackals
  6 quokkas
  21 bats
  A giant gecko skeleton (D:7)
  8 giant newts
  A hobgoblin zombie (D:6)
  35 kobolds
  2 kobold zombies (D:6)
  An orc zombie (D:6)
  34 rats
  A spectral orc (D:7)
  A butterfly (Lair:6)
  6 fungi
  9 plants
1250 creatures vanquished.

Vanquished Creatures (collateral kills)
  The ghost of ShansongY the Grappler, a powerful TrBe of Trog (D:12)
  Josephine (Orc:4)
  A hydra (D:15)
  A death yak (Lair:8)
  2 orc knights
  A lindwurm (Lair:8)
  A hornet (Lair:8)
  3 elephants (Lair:7)
  2 spiny frogs (Lair:8)
  A torpor snail (Lair:8)
  A two-headed ogre (D:15)
  A wraith (Orc:4)
  3 yaks (Lair:8)
  2 hogs (Lair:8)
  4 water moccasins (Lair:8)
  11 orc warriors
  An eye of draining (D:15)
  4 ogres
  An orc priest (Orc:3)
  An orc wizard (Orc:4)
  5 river rats (Lair:8)
  A worm (Lair:8)
  10 orcs
59 creatures vanquished.

Vanquished Creatures (others)
  An orc warrior (Orc:4)
  A water moccasin (Lair:8)
  An orc wizard (D:11)
  A shadow imp (D:5)
  A bat skeleton (D:5)
  A quokka (D:6)
  16 fungi
  21 plants
43 creatures vanquished.

Grand Total: 1352 creatures vanquished

Notes
Turn   | Place    | Note
--------------------------------------------------------------
     0 | D:1      | MUTANTIKUS the Minotaur Fighter began the quest for the Orb.
     0 | D:1      | Reached XP level 1. HP: 19/19 MP: 0/0
    89 | D:1      | Reached XP level 2. HP: 25/27 MP: 1/1
   267 | D:1      | Reached skill level 4 in Shields
   574 | D:2      | Reached XP level 3. HP: 29/33 MP: 2/2
   766 | D:2      | Reached XP level 4. HP: 31/40 MP: 3/3
   782 | D:2      | Noticed Ijyb
   804 | D:2      | Killed Ijyb
  1133 | D:2      | Noticed Robin
  1149 | D:2      | Killed Robin
  1149 | D:2      | Reached skill level 5 in Armour
  1474 | D:2      | Reached XP level 5. HP: 47/47 MP: 4/4
  1607 | D:3      | Reached skill level 5 in Shields
  1732 | D:3      | Noticed Terence
  1757 | D:3      | Killed Terence
  1900 | D:3      | Noticed a water moccasin
  1918 | D:3      | Killed a water moccasin
  1918 | D:3      | Reached XP level 6. HP: 37/53 MP: 5/5
  2134 | D:3      | Found a bloodstained altar of Trog.
  2154 | D:3      | Became a worshipper of Trog the Wrathful
  2409 | D:4      | Reached skill level 5 in Fighting
  2432 | D:4      | Reached skill level 6 in Shields
  2445 | D:4      | Acquired Trog's first power
  2503 | D:4      | Reached XP level 7. HP: 26/61 MP: 6/6
  3247 | D:4      | Reached skill level 7 in Armour
  3372 | D:4      | Acquired Trog's second power
  3396 | D:4      | Reached skill level 5 in Axes
  3495 | D:4      | Reached XP level 8. HP: 49/70 MP: 7/7
  4073 | D:4      | Found a staircase to the Ecumenical Temple.
  4127 | D:5      | Entered Level 5 of the Dungeon
  4143 | D:5      | Reached skill level 8 in Armour
  4213 | D:5      | Noticed Pikel
  4227 | D:5      | Killed Pikel
  4227 | D:5      | Reached skill level 9 in Armour
  4227 | D:5      | Reached XP level 9. HP: 78/78 MP: 8/8
  4416 | D:5      | Noticed acidapple's ghost (experienced OpVM)
  4426 | D:5      | Killed acidapple's ghost
  4541 | D:5      | Received a gift from Trog
  4581 | D:5      | Found Qacyar's Antique Armour Shop.
  5205 | D:6      | Found a snail-covered altar of Cheibriados.
  5345 | D:6      | Found a burning altar of Makhleb.
  5602 | D:6      | Reached skill level 10 in Armour
  5613 | D:6      | Found an iron altar of Okawaru.
  5667 | D:6      | Found a white marble altar of Elyvilon.
  6047 | D:7      | Acquired Trog's third power
  6146 | D:7      | Found a sacrificial altar of Ru.
  6205 | D:7      | Found a blossoming altar of Fedhas.
  6225 | D:7      | Found Arudoh's Assorted Antiques.
  6271 | D:7      | Found a viscous altar of Jiyva.
  6443 | D:7      | Found a basalt altar of Yredelemnul.
  6926 | D:8      | Noticed Oper80's ghost (experienced DsFi)
  6990 | D:8      | Killed Oper80's ghost
  6990 | D:8      | Reached XP level 10. HP: 84/90 MP: 6/9
  7089 | D:8      | Found a stormy altar of Qazlal.
  7124 | D:8      | Received a gift from Trog
  7141 | D:8      | Found a sparkling altar of Nemelex Xobeh.
  7356 | D:8      | Found a shadowy altar of Dithmenos.
  7356 | D:8      | Found a shimmering altar of Xom.
  7406 | D:8      | Reached skill level 11 in Armour
  8194 | D:9      | Found a shattered altar of Ashenzari.
  8223 | D:9      | Found Cuceduf's Serpentskin Sales.
  8405 | D:9      | Reached skill level 10 in Axes
  8409 | D:9      | Found Xeethyno's Gadget Emporium.
  8541 | D:9      | Found a blossoming altar of Fedhas.
  8574 | D:10     | Entered Level 10 of the Dungeon
  8622 | D:10     | Received a gift from Trog
  8622 | D:10     | Reached skill level 12 in Armour
  8637 | D:10     | Noticed Grum
  8649 | D:10     | Killed Grum
  8687 | D:10     | Reached XP level 11. HP: 76/99 MP: 10/10
  8978 | D:10     | Reached skill level 10 in Fighting
  9040 | D:10     | Noticed a hill giant
  9052 | D:10     | Killed a hill giant
  9380 | D:10     | Received a gift from Trog
  9417 | D:10     | Reached skill level 13 in Armour
  9593 | D:11     | Found Zifeyw's Assorted Antiques.
  9607 | D:11     | Bought a scroll of enchant weapon for 202 gold pieces
  9698 | D:11     | Found a snail-covered altar of Cheibriados.
  9962 | D:11     | Found a staircase to the Lair.
 10009 | D:11     | Received a gift from Trog
 10132 | D:11     | Found a staircase to the Orcish Mines.
 10137 | Orc:1    | Entered Level 1 of the Orcish Mines
 10271 | Orc:1    | Found a roughly hewn altar of Beogh.
 11069 | Orc:3    | Received a gift from Trog
 11336 | Orc:3    | Reached skill level 14 in Armour
 11677 | Orc:4    | Entered Level 4 of the Orcish Mines
 11690 | Orc:4    | Reached XP level 12. HP: 108/108 MP: 11/11
 11853 | Orc:4    | Found Faaparym's Assorted Antiques.
 11853 | Orc:4    | Found Ogoycyer's General Store.
 12094 | Orc:4    | Found a roughly hewn altar of Beogh.
 12240 | Orc:4    | Found Utzoavut's Book Emporium.
 12240 | Orc:4    | Found Xiwicez's Book Shop.
 12344 | Orc:4    | Bought a scroll of enchant weapon for 105 gold pieces
 12364 | Orc:4    | Bought a scroll of identify for 66 gold pieces
 12364 | Orc:4    | Bought a potion of might for 132 gold pieces
 12413 | Orc:4    | Received a gift from Trog
 12460 | Orc:4    | Noticed Maud
 12472 | Orc:4    | Killed Maud
 12514 | Orc:4    | Found a radiant altar of Vehumet.
 12554 | Orc:4    | Reached skill level 15 in Armour
 12716 | Orc:4    | Noticed Josephine
 12734 | Orc:4    | Killed Josephine
 13162 | Orc:3    | Found a staircase to the Elven Halls.
 13167 | Orc:3    | Noticed Snorg
 13178 | Orc:3    | Killed Snorg
 13902 | D:12     | Received a gift from Trog
 14123 | D:12     | Noticed ShansongY's ghost (powerful TrBe)
 14135 | D:12     | Killed ShansongY's ghost
 14184 | D:12     | Reached XP level 13. HP: 99/118 MP: 12/12
 14912 | D:13     | Reached skill level 16 in Armour
 15163 | D:13     | Reached skill level 15 in Axes
 16290 | D:14     | Received a gift from Trog
 16294 | D:14     | Found Ovvoopp's Armour Shop.
 16310 | D:14     | Bought the +5 ring mail of Casmakomp {Str+5} for 558 gold pieces
 16310 | D:14     | Bought a +2 pair of boots of stealth for 258 gold pieces
 16417 | D:14     | Found a gate to the Vaults.
 16420 | D:14     | Reached skill level 17 in Armour
 16652 | D:15     | Entered Level 15 of the Dungeon
 16928 | D:15     | Found Qunlurgh's Magic Scroll Boutique.
 16948 | D:15     | Bought a scroll of identify for 24 gold pieces
 16948 | D:15     | Bought a scroll of identify for 24 gold pieces
 16948 | D:15     | Bought a scroll of identify for 24 gold pieces
 16948 | D:15     | Bought a scroll of enchant weapon for 90 gold pieces
 16971 | D:15     | Gained mutation: You are agile. (Dex +2) [potion of mutation]
 16971 | D:15     | Gained mutation: Your muscles are strong. (Str +2) [potion of mutation]
 16971 | D:15     | Gained mutation: You can spit weak poison. [potion of mutation]
 16976 | D:15     | Lost mutation: Your muscles are strong. (Str +2) [potion of mutation]
 16976 | D:15     | Gained mutation: You are weak. (Str -2) [potion of mutation]
 16976 | D:15     | Lost mutation: You are agile. (Dex +2) [potion of mutation]
 17080 | D:15     | Reached XP level 14. HP: 107/129 MP: 13/13
 17284 | D:15     | Found an opulent altar of Gozag.
 17637 | D:15     | Found a staircase to the Depths.
 17977 | D:15     | Received a gift from Trog
 18407 | Lair:1   | Entered Level 1 of the Lair of Beasts
 18999 | Lair:1   | Noticed Urug
 19019 | Lair:1   | Killed Urug
 19078 | Lair:1   | Found a shattered altar of Ashenzari.
 19103 | Lair:1   | Reached skill level 18 in Armour
 19307 | Lair:1   | Received a gift from Trog
 19556 | Lair:1   | Noticed Gastronok
 19581 | Lair:1   | Noticed Sonja
 19584 | Lair:1   | Killed Gastronok
 19614 | Lair:1   | Killed Sonja
 21062 | Lair:2   | Drew Focus: Str increased to 26, Int decreased to 4
 21140 | Lair:2   | Identified the Papyrus of Conjuration
 21676 | Lair:2   | Received a gift from Trog
 23100 | Lair:3   | Found a staircase to the Swamp.
 24063 | Lair:4   | Reached XP level 15. HP: 117/139 MP: 14/14
 24662 | Lair:5   | Received a gift from Trog
 24817 | Lair:5   | Got an iridescent war axe
 24818 | Lair:5   | Identified the cursed +1 war axe of Forced Transition {chop, rF++ rC++ MP-9} (You found it on level 5 of the Lair of Beasts)
 25386 | Lair:6   | Found a staircase to the Snake Pit.
 25421 | Lair:6   | Reached skill level 19 in Armour
 26060 | Lair:7   | Received a gift from Trog
 27117 | Lair:8   | Entered Level 8 of the Lair of Beasts
 27599 | Lair:8   | Received a gift from Trog
 27905 | Lair:8   | Reached skill level 15 in Fighting
 28057 | Lair:8   | Received a gift from Trog
 28279 | Lair:8   | Noticed Kirke
 28295 | Lair:8   | Killed Kirke
 28468 | Lair:8   | HP: 7/141 [16-headed hydra (13)]
 28873 | Lair:8   | Found a runed door.
 29065 | Lair:8   | Lost intelligence.
 29542 | Lair:8   | Received a gift from Trog
 29554 | Lair:8   | Got a jewelled short sword
 29893 | Lair:8   | HP: 5/141 [17-headed hydra (9)]
 29893 | Lair:8   | Mangled by a 17-headed hydra

Vault maps used:
D:1:      onia_arrival_handbag
D:2:      forest_paths, first_bread, uniq_robin, uniq_iyjb
D:3:      lemuel_crystal_altar, uniq_terence
D:4:      lemuel_castle_with_subvaults, minmay_temple_entry_from_below_a
D:5:      old_forge, serial_shops, shop, uniq_pikel
D:6:      bloody_makhleb, elyvilon_altar_4, okawaru_ov_weapons_minmay,
          overflow_temple_1_default, portal_sewer_entry_e,
          corexii_leaking_fountain, minmay_mini_ossuary
D:7:      lemuel_round_altar, lemuel_doored_altar,
          yredelemnul_forgotten_temple_becter, serial_shops, shop, jiyva_altar_1
D:8:      nemelex_xobeh_ov_fountains_minmay, nicolae_qazlal_general_emergency,
          amethyst_overflow_temple_binary
D:9:      serial_shops, shop, basic_altar, hangedman_tree_tricks,
          guppyfry_shop_venom
D:10:     minmay_distorted_concentric_squares, uniq_grum
D:11:     due_lair_maze_entry_diamond, hiddenorc1_lemuel, serial_shops,
          nicolae_shop_competitors_out_of_business, basic_altar, dk_vineyard_1
D:12:     minivault_14
D:13:     ice2_lemuel
D:14:     david_vaults_1, minmay_hedge_maze, serial_shops, shop
D:15:     grunt_enter_depths_magical_seal, serial_shops, shop,
          minmay_crystal_room, spider_trap, nicolae_gozag_seed_capital
Lair:1:   minmay_lair_venomous_thicket, special_room, basic_altar,
          grunt_megastairs_4, uniq_urug, uniq_sonja, uniq_gastronok
Lair:2:   grunt_megastairs_5, infiniplex_staircase_pool
Lair:3:   swamp_mist_pool, minivault_25, infiniplex_staircase_pool_2
Lair:6:   lemuel_ratsnest, minmay_snake_entry_guardpost_small,
          lemuel_fruit_fields, serial_bayou_shore_b
Lair:7:   grunt_megastairs_2
Lair:8:   wormcave, hangedman_lair_tendril_chambers,
          dpeg_slime_entry_enclosed_altar, minivault_29, uniq_kirke
Orc:1:    basic_altar, statue_in_the_mist_lemuel
Orc:3:    nicolae_orc_pool_cavern, uniq_snorg
Orc:4:    st_orc_town, basic_altar, uniq_maud, uniq_josephine

Action                   |  1- 3 |  4- 6 |  7- 9 | 10-12 | 13-15 || total
-------------------------+-------+-------+-------+-------+-------++-------
Melee: War axe           |    80 |   163 |    46 |   260 |   628 ||  1177
       Spear             |       |       |   428 |       |       ||   428
       Rapier            |       |       |    94 |    47 |       ||   141
       Executioner's axe |       |       |    39 |       |       ||    39
       Hand axe          |       |       |       |   341 |       ||   341
       Broad axe         |       |       |       |   371 |   837 ||  1208
Invok: Berserk           |       |       |     9 |    14 |    21 ||    44
       Burn Spellbooks   |       |       |     1 |     3 |     4 ||     8
       Brothers in Arms  |       |       |       |     8 |     8 ||    16
Evoke: Deck              |       |       |       |       |     5 ||     5
  Use: Potion            |       |     1 |       |       |    11 ||    12
       Scroll            |       |       |     8 |     5 |    27 ||    40
 Stab: Sleeping          |       |       |       |       |     8 ||     8
       Distracted        |       |       |       |       |     1 ||     1
  Eat: Bread ration      |       |     2 |     4 |       |     2 ||     8
       Chunk             |       |     1 |     9 |    33 |    14 ||    57
       Pizza             |       |       |     1 |     1 |       ||     2
       Meat ration       |       |       |       |     1 |     3 ||     4
       Fruit             |       |       |       |     6 |    25 ||    31
       Royal jelly       |       |       |       |       |     4 ||     4
       Beef jerky        |       |       |       |       |     4 ||     4
